 Dungeon Crawl Stone Soup version 0.25.0-11-g1f837a76a1 (webtiles) character file.

Game seed: 4799303079425422044

139262 Krehm the Warrior (level 17, -16/153 HPs)
             Began as a Barachi Ice Elementalist on June 24, 2020.
             Was the Champion of Cheibriados.
             Demolished by Asterion
             ... wielding a +1 demon trident of electrocution
              (20 damage)
             ... on level 4 of the Spider Nest on June 25, 2020.
             The game lasted 04:23:02 (40280 turns).

Krehm the Warrior (Barachi Ice Elementalist)       Turns: 40280, Time: 04:23:03

Health: -16/153    AC: 21    Str: 36    XL:     17   Next: 28%
Magic:  8/8        EV: 13    Int: 31    God:    Cheibriados [******]
Gold:   2639       SH: 17    Dex: 29    Spells: 16/27 levels left

rFire    . . .     SeeInvis +   a - +10 double sword of Fear {antimagic, SInv}
rCold    . . .     Gourm    .   s - +0 kite shield
rNeg     + + .     Faith    .   h - +2 ring mail of Broken Taboos {rPois Str+6}
rPois    +         Spirit   .   K - +3 helmet "Donitev" {rN+ MR++ Dex-3}
rElec    .         Reflect  .   b - +0 cloak
rCorr    .         Harm     .   F - +2 pair of gloves
MR       ++++.                  I - +0 pair of boots
Stlth    ++........             T - amulet of magic regeneration
HPRegen  0.35/turn              i - ring "Vuaw" {Wiz rN+ MR+ Dex+3}
MPRegen  0.36/turn              f - +4 ring of protection

@: very slow
A: +LOS, swims, slowness 1, strong legs 2
a: Hop, Bend Time, Temporal Distortion, Slouch, Step From Time, Renounce
Religion


You were on level 4 of the Spider Nest.
You worshipped Cheibriados.
Cheibriados was exalted by your worship.
You were not hungry.

You visited 5 branches of the dungeon, and saw 25 of its levels.
You also visited: Sewer and Ice Cave.

You collected 2929 gold pieces.
You spent 290 gold pieces at shops.

Inventory:

Hand Weapons
 a - the +10 double sword of Fear (weapon) {antimagic, SInv}
   (You acquired it on level 6 of the Dungeon)

   It reduces the magical energy of the wielder, and disrupts the spells and
   magical abilities of those hit.
   Natural abilities and divine invocations are not affected.
   It lets you see invisible.
 D - the +1 arbalest "Earthworm" {elec, rElec Int+7}
   (You bought it in a shop on level 6 of the Dungeon)

   It charges the ammunition it shoots with electricity; occasionally upon a
   hit, such missiles may discharge and cause terrible harm.
   It affects your intelligence (+7).
   It insulates you from electricity.
Missiles
 y - 57 poisoned darts (quivered)
 E - 148 bolts
 H - 13 javelins
Armour
 b - a +0 cloak (worn)
 h - the +2 ring mail of Broken Taboos (worn) {rPois Str+6}
   (You found it on level 5 of the Dungeon)

   It affects your strength (+6).
   It protects you from poison.
 p - a +3 chain mail of cold resistance
 s - a +0 kite shield (worn)
 x - a +0 cloak of poison resistance
 F - a +2 pair of gloves (worn)
 I - a +0 pair of boots (worn)
 K - the +3 helmet "Donitev" (worn) {rN+ MR++ Dex-3}
   (You found it on level 8 of the Dungeon)

   It affects your dexterity (-3).
   It protects you from negative energy.
   It affects your resistance to hostile enchantments.
 R - a +0 tower shield
Jewellery
 f - a +4 ring of protection (right hand)
 i - the ring "Vuaw" (left hand) {Wiz rN+ MR+ Dex+3}
   (You found it on level 6 of the Lair of Beasts)

   [ring of wizardry]

   It improves your spell success rate.
   It affects your dexterity (+3).
   It protects you from negative energy.
   It affects your resistance to hostile enchantments.
 u - an uncursed ring of ice
 M - an uncursed ring of poison resistance
 N - an uncursed ring of resist corrosion
 T - an amulet of magic regeneration (around neck)
Wands
 v - a wand of polymorph (14)
 A - a wand of digging (21)
 B - a wand of iceblast (19)
 X - a wand of acid (9)
Scrolls
 d - 11 scrolls of teleportation
 e - 4 scrolls of magic mapping
 j - a scroll of enchant armour
 n - 5 scrolls of amnesia
 o - 7 scrolls of remove curse
 r - a scroll of summoning
 t - 6 scrolls of enchant weapon
 w - 3 scrolls of fog
 z - a scroll of blinking
 L - 4 scrolls of brand weapon
 S - a scroll of fear
 U - a scroll of silence {unknown}
 V - a scroll of immolation
 Y - 2 scrolls of acquirement
 Z - a scroll of identify
Potions
 k - 2 potions of ambrosia
 l - 6 potions of flight
 m - 3 potions of resistance
 q - 2 potions of magic
 C - 2 potions of stabbing
 G - a potion of cancellation
 J - 2 potions of mutation
 Q - 3 potions of heal wounds
 W - 3 potions of lignification
Miscellaneous
 g - a box of beasts
 P - a tin of tremorstones (3/3)
Comestibles
 c - 25 rations


   Skills:
 + Level 19.4 Fighting
 + Level 16.7 Long Blades
   Level 1.1 Axes
 - Level 3.5 Armour
 - Level 2.1 Dodging
 - Level 1.7 Stealth
 - Level 15.0 Shields
 + Level 5.7 Spellcasting
 - Level 4.0 Conjurations
 - Level 5.0 Summonings
 - Level 6.0 Ice Magic
 - Level 5.0 Air Magic
 - Level 4.0 Poison Magic
 + Level 7.8 Invocations
 + Level 7.0 Evocations


You had 16 spell levels left.
You knew the following spells:

 Your Spells              Type           Power        Failure   Level  Hunger
a - Freeze                Ice            ####         1%          1    None
b - Frozen Ramparts       Ice            #####.       1%          3    None
c - Mephitic Cloud        Conj/Pois/Air  #####...     1%          3    None
d - Summon Lightning Spi  Summ/Air       #####...     3%          4    ###....

Your spell library contained the following spells:

 Spells                   Type           Power        Failure   Level  Hunger
 Poisonous Vapours        Pois/Air       #####.       1%          2    None
 Beastly Appendage        Tmut           #.....       2%          1    None
 Sandblast                Erth           #.....       2%          1    None
 Ozocubu's Armour         Chrm/Ice       ####....     2%          3    None
 Summon Ice Beast         Ice/Summ       #####...     2%          4    ###....
 Conjure Flame            Conj/Fire      ###.....     3%          3    None
 Spider Form              Tmut/Pois      ###.......   3%          3    None
 Stone Arrow              Conj/Erth      ###...       3%          3    None
 Hailstorm                Conj/Ice       #####...     3%          4    ###....
 Passwall                 Tmut/Erth      #.......     4%          2    None
 Sticks to Snakes         Tmut           #.......     4%          2    None
 Ice Form                 Ice/Tmut       ####....     8%          4    ###....
 Petrify                  Tmut/Erth      #.......     26%         4    ###....
 Silence                  Hex/Air        ###.......   26%         5    #####..
 Freezing Cloud           Conj/Ice/Air   #####.....   45%         6    ######.
 Conjure Ball Lightning   Conj/Air       #####.....   52%         6    ######.
 Blade Hands              Tmut           #.........   56%         5    #####..
 Lee's Rapid Deconstruct  Erth           #.........   56%         5    #####..
 Ring of Flames           Chrm/Fire      #.........   100%        7    #######
 Tornado                  Air            #####.....   100%        9    #######


Dungeon Overview and Level Annotations

Branches:
Dungeon (12/15)            Temple (1/1) D:5            Lair (6/6) D:9
 Shoals (0/4) Lair:2       Spider (4/4) Lair:3        Slime (0/5) Lair:6
    Orc (2/2) D:12            Elf (0/3) Orc:2         Sewer (visited)
  IceCv (visited)

Altars:
Ashenzari
Cheibriados
Dithmenos
Elyvilon
Fedhas
Gozag
Hepliaklqana
Kikubaaqudgha
Makhleb
Nemelex Xobeh
Okawaru
Qazlal
Ru
Sif Muna
Trog
Uskayaw
Vehumet
Wu Jian
Xom
Yredelemnul
Zin
The Shining One
Jiyva

Shops:
D:6 (   Orc:2 *[*:

Portals:
Abyss: D:4

Annotations:
Lair:2 exclusion: 2 oklob plants
Lair:5 exclusion: downstairs
Spider:4 Asterion


Innate Abilities, Weirdness & Mutations

You can be seen from farther away. (+LOS)
You can swim through water.
You cover ground slowly.
You can hop long distances.


Message History

You cut the tarantella into ribbons!!!
You kill the tarantella!
Cheibriados thoroughly appreciates the change of pace.
You block the spark wasp's attack.
Asterion is caught in a web!
You carve the tarantella like a ham!!!!
You kill the tarantella!
Cheibriados thoroughly appreciates the change of pace.
Your Evocations skill increases to level 7!
You block the spark wasp's attack.
A spectral tarantella comes into view.
Asterion pulls away from the web.
The spark wasp closely misses you. The spark wasp stings you!!
* * * LOW HITPOINT WARNING * * *
The spark wasp shocks you!
* * * LOW HITPOINT WARNING * * *
You block the spark wasp's attack.
Asterion hits you from afar with a +1 demon trident of electrocution!
* * * LOW HITPOINT WARNING * * *
You are electrocuted!!
You die...

#.....##.....#....
.s^#..#..#.^........
#.#...^...........8.
#.
...#.........#..^..
..
#..^..###..^..#.#.^
.. ...#...
##^.#...... . ....
#.. #.........#
..### ##^.#..#^#
#.^H[@### ##^.y%†^#
#.....#.(.#
##^...†.##..#
###.#..# ... #...^..
. ...?.... .......##
...#.##.^


You could see Asterion and a spark wasp.

Vanquished Creatures
  Nikola (Spider:4)
  Arachne (Spider:1)
  Roxanne (Spider:3)
  2 ghost moths
  2 emperor scorpions (Spider:3)
  An orc warlord (Orc:1)
  The ghost of Winsalot the Severer, a journeyman DDFi of Makhleb (Lair:1)
  Nessos (Lair:6)
  An ettin (Orc:1)
  Josephine (Lair:6)
  Erolcha (D:9)
  Fannar (Lair:2)
  4 hydras
  A centaur warrior (D:10)
  An ogre mage (Orc:1)
  5 two-headed ogres
  11 death yaks
  6 orc high priests
  The ghost of Giufam the Carver, a novice MiFi of Zin (D:9)
  Nergalle (D:11)
  The ghost of triki the Bolt Thrower, a novice CeAM of Okawaru (Lair:1)
  A wizard (D:9)
  7 orc knights
  The ghost of mmigdal the Carver, a novice MiBe of Trog (D:6)
  2 unseen horrors (D:12)
  Pikel (D:4)
  A cyclops (D:11)
  An ugly thing (D:12)
  37 wolf spiders
  7 orb spiders
  3 orc sorcerers
  2 manticores (D:12)
  11 black mambas
  A moth of wrath (Spider:1)
  9 elephants
  10 rime drakes
  2 gargoyles (D:10)
  A torpor snail (Lair:3)
  9 spiny frogs
  4 demonic crawlers
  2 komodo dragons
  An ancient zyme (D:4)
  6 trolls
  42 jumping spiders
  16 polar bears
  The ghost of TangoThomas the Chopper, an amateur DsAK of Lugonu (D:4)
  The ghost of kelmiir the Slasher, an amateur DsGl (D:6)
  A dream sheep (Lair:6)
  9 hornets
  6 hippogriffs
  Prince Ribbit (D:9)
  14 blink frogs
  55 redbacks
  A vampire (D:11)
  A shadow (D:9)
  4 wraiths (Lair:6)
  19 spriggans
  20 tarantellas
  2 wyverns
  34 yaks
  3 basilisks
  3 hungry ghosts
  7 vampire mosquitoes
  8 steam dragons (Lair:2)
  3 wargs
  2 acid dragons
  2 soldier ants
  13 porcupines
  19 water moccasins
  41 orc warriors
  5 sky beasts
  A slave (D:4)
  A hornet zombie (D:6)
  9 ice beasts
  2 black bears
  29 wolves
  14 ogres
  4 boggarts (Lair:6)
  3 phantoms
  12 crocodiles
  5 centaurs
  A big kobold (D:11)
  11 bullfrogs
  A small abomination (D:4)
  3 scorpions
  11 wights
  An electric eel (Spider:3)
  4 crimson imps
  3 centaur zombies
  2 quasits
  A bullfrog zombie (D:12)
  3 hounds
  25 orc priests
  7 jellies
  A bullfrog skeleton (D:11)
  A centaur skeleton (D:11)
  An iron imp (D:4)
  Ijyb (D:3)
  Terence (D:2)
  4 iguanas
  16 orc wizards
  11 worker ants
  A worker ant zombie (D:5)
  3 gnolls (D:8)
  A howler monkey skeleton (D:5)
  16 adders
  4 river rats (D:5)
  A shadow imp (D:10)
  A white imp (D:3)
  An ooze (D:5)
  3 adder skeletons
  7 worms
  A dart slug (D:3)
  9 leopard geckos
  73 orcs
  A giant cockroach (D:2)
  6 goblins
  3 hobgoblins
  11 jackals
  2 quokkas
  3 ball pythons
  5 bats
  11 frilled lizards
  A jackal zombie (D:5)
  13 kobolds
  A leopard gecko skeleton (D:5)
  A leopard gecko zombie (D:5)
  15 rats
880 creatures vanquished.

Vanquished Creatures (collateral kills)
  A wolf spider (Spider:3)
  A jumping spider (Spider:3)
  4 redbacks
  A tarantella (Spider:4)
7 creatures vanquished.

Vanquished Creatures (others)
  A wolf spider (Spider:2)
  A black mamba (Lair:6)
  A rime drake (Lair:2)
  A jumping spider (Spider:2)
  A phantom (D:4)
  9 fungi
  7 plants
21 creatures vanquished.

Grand Total: 908 creatures vanquished

Notes
Turn   | Place    | Note
-------+----------+-------------------------------------------
     0 | D:1      | Krehm the Barachi Ice Elementalist began the quest for the
                  | Orb.
     0 | D:1      | Reached XP level 1. HP: 13/13 MP: 3/3
   226 | D:1      | Reached skill level 1 in Fighting
   226 | D:1      | Reached skill level 5 in Ice Magic
   226 | D:1      | Reached XP level 2. HP: 21/21 MP: 3/5
   858 | D:2      | Noticed Terence
  1072 | D:2      | Reached skill level 2 in Fighting
  1072 | D:2      | Reached XP level 3. HP: 27/27 MP: 4/7
  1077 | D:2      | Learned a level 3 spell: Frozen Ramparts
  1174 | D:2      | Found a faded altar of an unknown god.
  1431 | D:2      | Found an iron altar of Okawaru.
  1814 | D:3      | Found a basalt altar of Yredelemnul.
  1936 | D:3      | Reached XP level 4. HP: 34/34 MP: 8/8
  2103 | D:3      | Noticed Grinder
  2268 | D:3      | Noticed Ijyb
  2282 | D:3      | Killed Ijyb
  2514 | D:2      | Found an iron altar of Okawaru.
  2606 | D:2      | Killed Terence
  2606 | D:2      | Reached skill level 3 in Fighting
  2606 | D:2      | Reached skill level 1 in Shields
  2606 | D:2      | Reached XP level 5. HP: 20/41 MP: 1/10
  2842 | D:4      | Found a transporter.
  2842 | D:4      | Found a one-way gate to the infinite horrors of the Abyss.
  2842 | D:4      | Noticed TangoThomas's ghost (amateur DsAK)
  2937 | D:4      | Noticed an ancient zyme
  2939 | D:4      | Noticed a hippogriff
  2962 | D:4      | Found a transporter.
  2968 | D:4      | Killed a hippogriff
  2968 | D:4      | Reached skill level 4 in Fighting
  2968 | D:4      | Reached XP level 6. HP: 19/48 MP: 3/12
  3491 | D:4      | Noticed a phantom
  3610 | D:3      | Noticed Grinder
  3610 | D:3      | Grinder changed into Grinder the white imp
  3627 | D:3      | Killed Grinder the white imp
  4211 | D:4      | Noticed Pikel
  4211 | D:4      | Noticed a slave
  4211 | D:4      | Noticed a slave
  4211 | D:4      | Noticed a slave
  4212 | D:4      | Noticed a slave
  4230 | D:4      | Killed a slave
  4231 | D:4      | Killed Pikel
  4231 | D:4      | Reached skill level 6 in Fighting
  4231 | D:4      | Reached skill level 5 in Shields
  4231 | D:4      | Reached XP level 7. HP: 27/59 MP: 8/13
  4231 | D:4      | Reached XP level 8. HP: 30/65 MP: 8/14
  4855 | D:5      | Entered Level 5 of the Dungeon
  4953 | D:5      | Found a glowing drain.
  4961 | Sewer    | Entered a sewer
  5218 | D:5      | Reached skill level 7 in Fighting
  5250 | D:5      | Found a staircase to the Ecumenical Temple.
  5267 | Temple   | Entered the Ecumenical Temple
  5274 | Temple   | Became a worshipper of Cheibriados the Contemplative
  5406 | D:5      | Got a translucent ring mail
  5716 | D:5      | Identified the +2 ring mail of Broken Taboos {rPois Str+6}
                  | (You found it on level 5 of the Dungeon)
  5784 | D:5      | Reached skill level 1 in Armour
  6209 | D:5      | Reached XP level 9. HP: 64/74 MP: 11/15
  6264 | D:5      | Reached skill level 8 in Fighting
  6267 | D:5      | Reached * piety under Cheibriados
  6715 | D:5      | Reached skill level 1 in Long Blades
  7115 | D:6      | Found Wisyeqi's Antique Weapon Shop.
  7132 | D:6      | Bought a fine arbalest for 218 gold pieces
  7785 | D:6      | Found a runed translucent gate.
  7786 | D:6      | Found a runed translucent gate.
  7786 | D:6      | Noticed mmigdal's ghost (novice MiBe)
  7787 | D:6      | Found a runed translucent gate.
  7787 | D:6      | Noticed kelmiir's ghost (amateur DsGl)
  8010 | D:6      | Found a shattered altar of Ashenzari.
  8010 | D:6      | Found an ornate altar of the Wu Jian Council.
  8148 | D:6      | Noticed a moth of wrath
  8151 | D:6      | Found a bloodstained altar of Trog.
  8159 | D:6      | Reached ** piety under Cheibriados
  8713 | D:7      | Found an ancient bone altar of Kikubaaqudgha.
  8795 | D:7      | Identified the +1 arbalest "Earthworm" {elec, rElec Int+7}
                  | (You bought it in a shop on level 6 of the Dungeon)
  8815 | D:7      | Found an iron altar of Okawaru.
  9116 | D:7      | Found a glowing golden altar of the Shining One.
  9256 | D:4      | Found a transporter.
  9289 | D:4      | Found a transporter.
  9296 | D:4      | Found a one-way gate to the infinite horrors of the Abyss.
 10242 | D:8      | Got a crude helmet
 10248 | D:8      | Identified the +3 helmet "Donitev" {rN+ MR++ Dex-3} (You
                  | found it on level 8 of the Dungeon)
 10519 | D:8      | Reached skill level 9 in Fighting
 10625 | D:8      | Reached XP level 10. HP: 83/83 MP: 16/16
 10647 | D:8      | Reached skill level 10 in Shields
 11070 | D:9      | Noticed Erolcha
 11152 | D:9      | Reached *** piety under Cheibriados
 11206 | D:9      | Killed Erolcha
 11206 | D:9      | Reached skill level 5 in Long Blades
 11263 | D:9      | Noticed Prince Ribbit
 11267 | D:9      | Killed Prince Ribbit
 11284 | D:9      | Reached skill level 10 in Fighting
 11336 | D:9      | Found a staircase to the Lair.
 11558 | D:9      | Reached **** piety under Cheibriados
 11703 | D:9      | Found a runed translucent gate.
 11705 | D:9      | Found a runed translucent gate.
 11705 | D:9      | Noticed Giufam's ghost (novice MiFi)
 11706 | D:9      | Found a runed translucent gate.
 11707 | D:9      | Noticed a wizard
 11777 | D:9      | Reached XP level 11. HP: 83/92 MP: 17/17
 11845 | D:10     | Entered Level 10 of the Dungeon
 12066 | D:10     | Noticed a centaur warrior
 12474 | D:10     | Killed a centaur warrior
 12483 | D:10     | Reached skill level 11 in Fighting
 12822 | D:10     | Found a stormy altar of Qazlal.
 13954 | D:10     | Reached ***** piety under Cheibriados
 14086 | D:10     | You fall into a shaft and drop 1 floor!
 14249 | D:11     | Found a frozen archway.
 14387 | IceCv    | Entered an ice cave
 14404 | IceCv    | HP: 1/95 [yak (7)]
 14707 | IceCv    | Reached XP level 12. HP: 77/102 MP: 18/18
 15192 | Lair:1   | Entered Level 1 of the Lair of Beasts
 15377 | Lair:1   | Reached skill level 12 in Fighting
 16246 | Lair:1   | Found a runed translucent gate.
 16246 | Lair:1   | Found a runed translucent gate.
 16246 | Lair:1   | Found a runed translucent gate.
 16247 | Lair:1   | Noticed Winsalot's ghost (journeyman DDFi)
 16247 | Lair:1   | Noticed triki's ghost (novice CeAM)
 16668 | Lair:2   | Noticed Fannar
 16749 | Lair:2   | Noticed a four-headed hydra
 16749 | Lair:2   | You fall into a shaft and drop 1 floor!
 16776 | Lair:3   | Reached skill level 10 in Long Blades
 16842 | Lair:2   | Killed a four-headed hydra
 16992 | Lair:2   | Killed Fannar
 17190 | Lair:2   | Learned a level 3 spell: Mephitic Cloud
 17351 | Lair:2   | Found a staircase to the Shoals.
 17427 | Lair:2   | Reached skill level 15 in Shields
 17944 | Lair:2   | Reached ****** piety under Cheibriados
 17985 | Lair:2   | Reached skill level 13 in Fighting
 18218 | Lair:2   | Gained mutation: You can hop long distances. [Barachi
                  | growth]
 18218 | Lair:2   | Reached XP level 13. HP: 76/111 MP: 16/19
 18381 | Lair:2   | Got a bloodstained war axe
 18782 | Lair:3   | Reached skill level 1 in Axes
 18958 | Lair:3   | Reached skill level 1 in Invocations
 19192 | Lair:3   | Identified the cursed +1 war axe of Jiehifid {vorpal, +Fly
                  | rC+ rN+++ Dex-5} (You found it on level 2 of the Lair of
                  | Beasts)
 19403 | Lair:3   | Found a hole to the Spider Nest.
 21023 | Lair:5   | Reached skill level 14 in Fighting
 21884 | Lair:5   | Found the +8 whip "Snakebite" {curare, rPois}
 22609 | Lair:6   | Entered Level 6 of the Lair of Beasts
 22674 | Lair:6   | Noticed Nessos
 22698 | Lair:6   | Killed Nessos
 22826 | Lair:6   | Reached XP level 14. HP: 107/121 MP: 20/20
 23455 | Lair:6   | Reached skill level 5 in Invocations
 23469 | Lair:6   | Reached skill level 1 in Evocations
 23696 | Lair:6   | Reached skill level 15 in Fighting
 24817 | Lair:6   | Found a viscous altar of Jiyva.
 24817 | Lair:6   | Found a staircase to the Slime Pits.
 24880 | Lair:6   | Noticed Josephine
 24897 | Lair:6   | Killed Josephine
 25242 | Lair:6   | Reached skill level 16 in Fighting
 26010 | Lair:6   | Got a flickering pewter ring
 27114 | D:11     | Reached skill level 5 in Evocations
 27505 | D:11     | Noticed Nergalle
 27528 | D:11     | Killed Nergalle
 27528 | D:11     | Reached XP level 15. HP: 110/132 MP: 18/21
 27951 | D:12     | Found a staircase to the Orcish Mines.
 28152 | D:12     | Identified the ring "Vuaw" {Wiz rN+ MR+ Dex+3} (You found
                  | it on level 6 of the Lair of Beasts)
 28183 | D:12     | Found an ancient bone altar of Kikubaaqudgha.
 28829 | D:12     | Reached skill level 1 in Poison Magic
 29055 | Orc:1    | Entered Level 1 of the Orcish Mines
 29237 | Orc:1    | Reached skill level 1 in Air Magic
 29363 | Orc:1    | Reached skill level 1 in Conjurations
 29749 | Orc:2    | Entered Level 2 of the Orcish Mines
 29749 | Orc:2    | Noticed an orc warlord
 29768 | Orc:1    | Killed an orc warlord
 30465 | Orc:1    | Reached skill level 17 in Fighting
 31368 | Orc:2    | Found a staircase to the Elven Halls.
 32722 | Orc:2    | Reached skill level 5 in Spellcasting
 33554 | Orc:2    | Found Osiraz's Book Shop.
 33555 | Orc:2    | Found Liun's Assorted Antiques.
 33555 | Orc:2    | Found Utraekhagh's Antique Armour Boutique.
 33555 | Orc:2    | Found Dodoum's Assorted Antiques.
 33567 | Orc:2    | Bought a scroll labeled XIPLATU KIAJ for 36 gold pieces
 33567 | Orc:2    | Bought a scroll labeled UMNALO ZISA for 36 gold pieces
 33580 | Orc:2    | Learned a level 4 spell: Summon Lightning Spire
 34530 | D:4      | Killed TangoThomas's ghost
 34684 | D:6      | Killed mmigdal's ghost
 34684 | D:6      | Reached skill level 1 in Summonings
 34686 | D:6      | Killed kelmiir's ghost
 34713 | D:6      | Got the +10 double sword of Fear {antimagic, SInv}
 34824 | D:9      | Killed Giufam's ghost
 34916 | Lair:1   | Killed Winsalot's ghost
 34921 | Lair:1   | Killed triki's ghost
 35017 | Spider:1 | Entered Level 1 of the Spider Nest
 35172 | Spider:1 | Reached XP level 16. HP: 141/142 MP: 7/23
 35180 | Spider:1 | Reached skill level 5 in Air Magic
 36552 | Spider:2 | Reached skill level 18 in Fighting
 36555 | Spider:2 | Reached skill level 5 in Summonings
 36740 | Spider:2 | Reached skill level 15 in Long Blades
 37112 | Spider:2 | Noticed Arachne
 37563 | Spider:1 | Killed Arachne
 38473 | Spider:3 | Reached skill level 19 in Fighting
 39168 | Spider:3 | Reached XP level 17. HP: 99/153 MP: 8/24
 39386 | Spider:3 | Identified Roxanne's Guide on Transmigration
 39386 | Spider:3 | Noticed Roxanne
 39402 | Spider:3 | Killed Roxanne
 39864 | Spider:4 | Entered Level 4 of the Spider Nest
 39865 | Spider:4 | Noticed Nikola
 39917 | Spider:4 | Killed Nikola
 40273 | Spider:4 | Noticed Asterion
 40280 | Spider:4 | HP: 4/153 [Asterion/+1 demon trident of electrocution (14)]
 40280 | Spider:4 | Demolished by Asterion

Illustrated notes

Levels and vault maps discovered:
D:1:      dpeg_arrival_round_a, layout_basic, minmay_tree_intersection
D:2:      layout_loops_ring, old_standard_altar, first_ration,
          chequers_ecumenical_altar_island, nrook_loot_triangle, uniq_terence
D:3:      layout_basic, lemuel_crystal_altar, uniq_grinder, uniq_ijyb
D:4:      layout_gridville, gammafunk_ghost_abyssal_escape, uniq_pikel
D:5:      minmay_razor_zed, layout_loops_ring, temple_statues,
          lightli_sewer_entry_pipes
D:6:      layout_loops_ring, gammafunk_temple_overflow_elements, serial_shops,
          shop, gammafunk_ghost_cemetery, tgw_trog
D:7:      layout_cave_pools, kennysheep_mini, kiku_gazebo_garden_becter,
          minmay_misc_feat_four_crosses, okawaru_gym_becter
D:8:      layout_loops_ring
D:9:      layout_gridville, minmay_lair_entry_grove, gammafunk_ghost_split,
          uniq_erolcha, uniq_prince_ribbit1
D:10:     kb_forest_paths, layout_basic, basic_altar, grunt_pizzeria
D:11:     layout_cave_pods, portal_ice_cave_entry_ice_beasts, uniq_nergalle
D:12:     layout_loops_ring, orc_0_dummy, basic_altar
Temple:   nicolae_temple_no_exploring_needed
Lair:1:   layout_misc_corridors, gammafunk_ghost_cemetery, beast_lair_carwin_11
Lair:2:   layout_hall_layers, elwin_shoals_entry_rocks,
          bobbens_dragon_lair_wall, minmay_lair_oklob_chamber, uniq_fannar
Lair:3:   layout_small_grid, spider_nest_entry_web_field
Lair:4:   layout_regular_city
Lair:5:   minmay_guarded_unrand_snakebite, layout_gridlike
Lair:6:   minmay_lair_end_enchanted_forest, layout_gridlike, slime_altar_1,
          nicolae_volcano_entry_two_sided, grunt_megastairs_2, uniq_josephine,
          uniq_nessos
Spider:1: layout_spider_delve, drop_trap
Spider:2: layout_spider_delve, nicolae_arachne_temple, uniq_arachne
Spider:3: layout_spider_delve, uniq_roxanne
Spider:4: floodkiller_spider_rune_tomb, drop_trap, uniq_asterion, uniq_nikola
Orc:1:    layout_caves
Orc:2:    st_orc_pillars, layout_caves

Skill      XL: |  1  2  3  4  5  6  7  8  9 10 11 12 13 14 15 16 17 |
---------------+----------------------------------------------------+-----
Fighting       | 1 2 3 4 6 7 9 10 11 13 14 16 17 19 | 19.4
Ice Magic      | 5 6 |  6.0
Spellcasting   | 3 4 5 |  5.7
Shields        | 1 2 5 7 9 11 13 15 | 15.0
Armour         | 1 3 |  3.5
Long Blades    | 4 6 9 11 13 14 16 | 16.7
Axes           | 1 |  1.1
Invocations    | 4 6 7 |  7.8
Evocations     | 5 6 7 |  7.0
Poison Magic   | 4 |  4.0
Air Magic      | 4 5 |  5.0
Conjurations   | 4 |  4.0
Summonings     | 2 5 |  5.0
Dodging        | |  2.1
Stealth        | |  1.7

Action                   |  1- 3 |  4- 6 |  7- 9 | 10-12 | 13-15 | 16-18 || total
-------------------------+-------+-------+-------+-------+-------+-------++-------
Melee: Dagger            |    36 |    77 |   386 |       |       |       ||   499
       Long sword        |       |       |       |   239 |   805 |       ||  1044
       Scimitar          |       |       |       |       |   262 |       ||   262
       Double sword      |       |       |       |       |    55 |   340 ||   395
 Fire: Arbalest          |       |       |    32 |   236 |       |       ||   268
Throw: Throwing net      |       |       |       |     1 |     1 |       ||     2
       Dart              |       |       |       |    11 |       |    34 ||    45
       Javelin           |       |       |       |     3 |       |       ||     3
 Cast: Freeze            |    41 |    19 |     7 |       |       |       ||    67
       Frozen Ramparts   |       |    15 |    39 |    29 |   109 |     4 ||   196
       Summon Lightning  |       |       |       |       |       |     7 ||     7
Invok: Slouch            |       |       |       |       |     5 |     6 ||    11
       Bend Time         |       |       |       |       |     1 |       ||     1
 Abil: Hop               |     1 |     1 |       |    11 |    18 |     2 ||    33
Evoke: Wand              |       |     1 |     2 |     2 |     2 |       ||     7
       Tin of tremorston |       |       |       |       |     4 |       ||     4
  Use: Scroll            |       |    14 |     7 |    10 |    11 |     4 ||    46
       Potion            |       |       |     1 |     8 |     2 |     3 ||    14
 Stab: Sleeping          |     2 |     1 |     6 |     1 |     6 |       ||    16
       Distracted        |     1 |       |     1 |       |     1 |     2 ||     5
       Held in net/web   |       |       |       |       |     2 |       ||     2
  Eat: Chunk             |     4 |     6 |    14 |    13 |    33 |     5 ||    75
       Ration            |       |     1 |     3 |     2 |     1 |     1 ||     8
Armor: Leather armour    |    23 |    13 |    10 |       |       |       ||    46
       Ring mail         |       |       |   128 |   229 |   230 |   215 ||   802
       Skin              |       |       |       |    23 |       |       ||    23
       Chain mail        |       |       |       |    62 |   268 |       ||   330
Dodge: Dodged            |    36 |    46 |   179 |   307 |   451 |   200 ||  1219
Block: Kite shield       |       |       |       |   235 |  1101 |   409 ||  1745
       Rpst.: Long sword |       |       |       |    25 |    81 |       ||   106
       Scimitar          |       |       |       |       |    20 |       ||    20
       Double sword      |       |       |       |       |     4 |    49 ||    53
